 Dungeon Crawl Stone Soup version 0.27.1-33-g824d729ab1 (webtiles) character file.

Game seed: 16897617241540071232

44 SensoryNuts the Cudgeller (level 3, 0/36 HPs)
             Began as a Troll Monk on Dec 6, 2021.
             Was a Priest of Vehumet.
             Slain by a goblin (4 damage)
             ... led by Robin
             ... on level 2 of the Dungeon.
             The game lasted 00:01:51 (978 turns).

SensoryNuts the Cudgeller (Troll Monk)               Turns: 978, Time: 00:01:51

Health: 0/36       AC:  4    Str: 20    XL:     3   Next: 41%
Magic:  2/2        EV: 10    Int:  6    God:    Vehumet [***...]
Gold:   50         SH:  0    Dex: 12    Spells: 2/2 levels left

rFire    . . .     SeeInvis .   a - +0 mace
rCold    . . .     Faith    .   (no shield)
rNeg     . . .     Spirit   .   b - +0 robe
rPois    .         Reflect  .   (helmet restricted)
rElec    .         Harm     .   (no cloak)
rCorr    .         Rampage  .   (gloves unavailable)
Will     .....                  (boots unavailable)
Stlth    ++........             (no amulet)
HPRegen  1.12/turn              (no ring)
MPRegen  0.08/turn              (no ring)

@: no status effects
A: large, unfitting armour, claws 3, regeneration 1, shaggy fur 1, tough skin 1
a: Renounce Religion


You were on level 2 of the Dungeon.
You worshipped Vehumet.
Vehumet was most pleased with you.
You visited 1 branch of the dungeon, and saw 2 of its levels.

You collected 50 gold pieces.

Inventory:

Hand Weapons
 a - a +0 mace (weapon)
Armour
 b - a +0 robe (worn)
Scrolls
 d - a scroll of vulnerability


   Skills:
 + Level 2.8 Fighting
 + Level 3.2 Maces & Flails
 + Level 2.8 Dodging
 + Level 1.1 Stealth


You had 2 spell levels left.
You didn't know any spells.
Your spell library was empty.

Dungeon Overview and Level Annotations

Branches:
Dungeon (2/15)

Altars:
Vehumet

Shops:
D:1 (

Annotations:
D:2 Robin


Innate Abilities, Weirdness & Mutations

You are too large for most types of armour.
You have claws for hands.
Your natural rate of healing is unusually fast.
You are covered in fur. (AC +1)
You have tough skin. (AC +1)


Message History

[Y]es or [N]o only, please.
Really read the scroll of vulnerability? [Y]es or [N]o only, please.
Really read the scroll of vulnerability? [Y]es or [N]o only, please.
Really read the scroll of vulnerability? [Y]es or [N]o only, please.
Really read the scroll of vulnerability? [Y]es or [N]o only, please.
Really read the scroll of vulnerability? [Y]es or [N]o only, please.
Really read the scroll of vulnerability? [Y]es or [N]o only, please.
Really read the scroll of vulnerability? [Y]es or [N]o only, please.
Really read the scroll of vulnerability? [Y]es or [N]o only, please.
Really read the scroll of vulnerability? [Y]es or [N]o only, please.
Really read the scroll of vulnerability?
Okay, then.
There are monsters nearby!
You hit the goblin.
You kill the goblin!
Vehumet accepts your kill. Robin throws the goblin at you!
The goblin barely misses you. The hobgoblin hits you.
The goblin closely misses you. x2
The goblin hits you but does no damage. The goblin hits you with a +0 dagger.
* * * LOW HITPOINT WARNING * * *
The goblin hits you with a +0 dagger.
* * * LOW HITPOINT WARNING * * *
The hobgoblin hits you but does no damage.
The goblin hits you with a +0 club.
* * * LOW HITPOINT WARNING * * *
The goblin hits you but does no damage.
You sock the goblin!
You kill the goblin!
Vehumet accepts your kill. The goblin hits you with a +0 club.
You die...

###.....# # ...##
...#.....##. .....
.......... .##....#
........# #......##
#......# #g#.....#
#......# #gg......
#.....###ggl.....
#.......#@gg...:.
###.....#.g)g......
###.....####.........
#...#.### ..........
####.# #.# ##..#........
.....###.##...##........
##..........# #........
#..........# #........
#..........# #####..


You could see Robin, a hobgoblin (strong), 7 goblins and a frilled lizard.

Vanquished Creatures
  A bat (D:1)
  5 endoplasms
  2 giant cockroaches (D:1)
  10 goblins
  6 hobgoblins
  A kobold (D:1)
  3 quokkas (D:1)
  4 ball pythons (D:1)
  A frilled lizard (D:1)
  4 rats (D:1)
37 creatures vanquished.

Notes
Turn   | Place    | Note
-------+----------+-------------------------------------------
     0 | D:1      | SensoryNuts the Troll Monk began the quest for the Orb.
     0 | D:1      | Reached XP level 1. HP: 22/22 MP: 0/0
    46 | D:1      | Found a faded altar of an unknown god.
   120 | D:1      | Became a worshipper of Vehumet
   120 | D:1      | Reached * piety under Vehumet
   120 | D:1      | Offered knowledge of Magic Dart by Vehumet.
   120 | D:1      | Reached ** piety under Vehumet
   263 | D:1      | Reached XP level 2. HP: 28/29 MP: 1/1
   306 | D:1      | Offered knowledge of Poisonous Vapours by Vehumet.
   307 | D:1      | Reached skill level 3 in Maces & Flails
   369 | D:1      | Reached *** piety under Vehumet
   376 | D:1      | Found Juvvoomi's Antique Weapon Shop.
   542 | D:1      | Offered knowledge of Ignite Poison by Vehumet.
   559 | D:1      | Reached XP level 3. HP: 36/36 MP: 2/2
   940 | D:2      | Offered knowledge of Stone Arrow by Vehumet.
   967 | D:2      | Noticed Robin
   978 | D:2      | Slain by a goblin

Illustrated notes

Levels and vault maps discovered:
D:1:      dpeg_arrival_short_road, layout_loops_corners, serial_shops, shop,
          shapermc_ecumenical_altar_venn
D:2:      layout_rooms, serial_shops, shop, uniq_robin, uniq_natasha

Skill      XL: |  1  2 |
---------------+-------+-----
Maces & Flails | 3 |  3.2
Fighting       | |  2.8
Dodging        | |  2.8
Stealth        | |  1.1

Action                   || total
-------------------------++-------
Melee: Mace              ||    88
  Use: Scroll            ||     1
 Stab: Sleeping          ||     3
Armor: Robe              ||    42
Dodge: Dodged            ||    61
